 Dungeon Crawl Stone Soup version 0.31.0-32-g396128a36d (webtiles) character file.

Game seed: 6100685383675986070

1433 Edgeworth the Cudgeller (level 8, 0/50 HPs)
             Began as a Gargoyle Fighter on Apr 21, 2024.
             Was a Priest of Okawaru.
             Killed from afar by Maggie (22 damage)
             ... with a bolt of fire
             ... on level 6 of the Dungeon.
             The game lasted 00:11:54 (4344 turns).

Edgeworth the Cudgeller (Gargoyle Fighter)          Turns: 4344, Time: 00:11:54

Health: 0/50       AC: 16    Str: 25    XL:     8   Next: 73%
Magic:  8/8        EV: 13    Int: 11    God:    Okawaru [***...]
Gold:   29         SH:  5    Dex:  9    Spells: 7/7 levels left

rFire   . . .        D - +1 morningstar of Death's Door {drain, Str+2 Int+3}
rCold   + . .        c - +0 buckler
rNeg    + . .        A - +0 chain mail
rPois   ∞            C - +1 hat of Bad Feelings {+Inv rC+}
rElec   +            (no cloak)
rCorr   .            (no gloves)
SInv    +            (no boots)
Will    .....        e - amulet of the acrobat Stlth
                     k - ring of see invisible
HPRegen 0.28/turn    v - +5 ring of evasion
MPRegen 0.11/turn

%: acrobat
@: no status effects
A: sickness immunity, AC +5, negative energy resistance 1, electricity
resistance, torment resistance 1, petrification resistance
a: Renounce Religion, Evoke Invisibility, Heroism


You were on level 6 of the Dungeon.
You worshipped Okawaru.
Okawaru was most pleased with you.
You visited 1 branch of the dungeon, and saw 6 of its levels.

You collected 245 gold pieces.
You spent 216 gold pieces at shops.

Inventory:

Hand Weapons
 a - a +0 flail
 D - the +1 morningstar of Death's Door (weapon) {drain, Str+2 Int+3}
   (You bought it in a shop on level 2 of the Dungeon)

   Str+2:     It affects your strength (+2).
   Int+3:     It affects your intelligence (+3).
Armour
 b - a +0 scale mail
 c - a +0 buckler (worn)
 r - a +0 helmet
 A - a +0 chain mail (worn)
 C - the +1 hat of Bad Feelings (worn) {+Inv rC+}
   (You found it on level 5 of the Dungeon)

   rC+:       It protects you from cold.
   +Inv:      It lets you turn invisible.
Jewellery
 e - an amulet of the acrobat (around neck)
 h - a ring of magical power
 k - a ring of see invisible (left hand)
 v - a +5 ring of evasion (right hand)
Wands
 B - a wand of iceblast (3)
Scrolls
 i - 2 scrolls of noise {unknown}
 j - 2 scrolls of blinking {unknown}
 l - a scroll of amnesia {unknown}
 m - 3 scrolls of revelation {unknown}
 n - a scroll of vulnerability {unknown}
 p - 2 scrolls of identify {unknown}
 x - a scroll of fear {unknown}
 y - 2 scrolls of poison {unknown}
 z - a scroll of brand weapon {unknown}
Potions
 d - 3 potions of mutation {unknown}
 f - a potion of degeneration {unknown}
 g - a potion of curing {unknown}
 o - 4 potions of heal wounds {unknown}
 q - a potion of attraction {unknown}
 s - a potion of enlightenment {unknown}
 t - 2 potions of lignification {unknown}
 u - a potion of haste {unknown}
 w - 2 potions of brilliance {unknown}


   Skills:
 + Level 5.5 Fighting
 + Level 7.5 Maces & Flails
 + Level 6.3 Armour
 + Level 5.5 Shields


You had 7 spell levels left.
You didn't know any spells.
Your spell library contained the following spells:

 Spells                   Type           Power      Damage    Failure   Level
 Magic Dart               Conj           0%         1d3       89%         1
 Shock                    Conj/Air       0%         1d3       89%         1
 Blink                    Tloc           0%         N/A       96%         2
 Fugue of the Fallen      Necr           0%         N/A       99%         3
 Ozocubu's Armour         Ice            0%         N/A       99%         3
 Swiftness                Air            0%         N/A       99%         3
 Airstrike                Air            0%         2d(0-16)  100%        4
 Cause Fear               Hex            0%         N/A       100%        4
 Manifold Assault         Tloc           0%         N/A       100%        4
 Fireball                 Conj/Fire      0%         3d3       100%        5
 Call Imp                 Summ           Unusable   N/A       N/A         2
 Dragon's Call            Summ           Unusable   N/A       N/A         9

Dungeon Overview and Level Annotations

Branches:
Dungeon (6/15)             Temple (0/1) D:5

Altars:
Ashenzari
Makhleb
Okawaru
Wu Jian
Zin
The Shining One

Shops:
D:2 (   D:4 (*

Annotations:
D:6 Maggie


Innate Abilities, Weirdness & Mutations

You are immune to sickness and miasma.
Your stone body is resilient. (AC +5)
You are immune to poison.
You resist negative energy. (rN+)
You are resistant to electric shocks. (rElec)
You are resistant to unholy torment.
You are immune to petrification.


Message History

You miss the sky beast.
The sky beast flickers out of sight for a moment.
The sky beast hits you but does no damage.
You puncture the sky beast! You drain the sky beast.
The sky beast is severely wounded.
The sky beast barely misses you.
You sock the sky beast!
You kill the sky beast!
Okawaru accepts your kill.
Search for what [Enter for "mace", or ? for help]? armor You hear the rusting of a very distant drain.
A shadow imp comes into view.
The shadow imp shouts, "Begone, thou pox-marked hasty-witted bounder!"
The shadow imp completely misses you.
You hit the shadow imp but do no damage.
The shadow imp closely misses you. You block the shadow imp's attack.
You bludgeon the shadow imp!!
You kill the shadow imp!
Okawaru accepts your kill.
Found a stone staircase leading down.
Maggie the Vainglorious comes into view.
She is wielding a +1 halberd of flaming and carrying a wand of iceblast.
Found an escape hatch in the ceiling.
Maggie shouts!
Maggie practices a pose.
Maggie zaps a wand.
The mass of ice explodes!
The iceblast engulfs you but does no damage.
You block Maggie's attack.
You barely miss Maggie.
Maggie points at you and mumbles some strange words.
The bolt of fire hits you!!
Ouch! That really hurt!
You barely miss Maggie. You block Maggie's attack.
You hit Maggie.
Maggie is lightly wounded.
Maggie hits you but does no damage.
You sock Maggie! You drain Maggie.
Maggie is heavily wounded.
Maggie casts a spell at you. The bolt of fire hits you!!
You die...

...#............#
#..#+#####.##.#.#
...... #.##.#.#
.......# #.##.#.#
.......# #.##.#.#
######## #.##.#.#
#.##.#.#
#.##.#.####
#......@@<#
####.#.##.# #.#.#
# # #.. ###


You could see Maggie (drained).

Vanquished Creatures
  Pikel (D:5)
  An ice beast (D:6)
  A sky beast (D:6)
  An ogre (D:4)
  A lemure (D:5)
  A kobold brigand (D:6)
  2 scorpions (D:5)
  2 bombardier beetles
  3 hounds
  2 orc wizards (D:5)
  3 sleepcaps (D:5)
  An iguana (D:6)
  3 adders (D:4)
  9 gnolls
  A shadow imp (D:6)
  A white imp (D:5)
  A dart slug (D:2)
  2 ribbon worms
  4 orcs
  6 ball pythons
  7 bats
  7 endoplasms
  A giant cockroach (D:2)
  12 goblins
  5 hobgoblins
  4 jackals (D:1)
  11 kobolds
  4 quokkas
  4 frilled lizards
  5 rats
106 creatures vanquished.

Notes
Turn   | Place    | Note
-------+----------+-------------------------------------------
     0 | D:1      | Edgeworth the Gargoyle Fighter began the quest for the Orb.
     0 | D:1      | Reached XP level 1. HP: 14/14 MP: 1/1
   244 | D:1      | Reached XP level 2. HP: 16/19 MP: 2/2
   411 | D:1      | Reached XP level 3. HP: 24/24 MP: 3/3
   708 | D:2      | Reached skill level 3 in Maces & Flails
   708 | D:2      | Reached XP level 4. HP: 19/29 MP: 4/4
  1133 | D:2      | Found Xaciruma's Antique Weapon Boutique.
  1164 | D:2      | Identified the +1 robe "Diappas" {rF+++ rC- rN+ Dex-4
                  | Archmagi}
  1781 | D:3      | Found an iron altar of Okawaru.
  1796 | D:3      | Became a worshipper of Warmaster Okawaru
  1892 | D:3      | Found a faded altar of an unknown god.
  1896 | D:3      | Reached XP level 5. HP: 33/33 MP: 5/5
  2091 | D:4      | Found Padafosm's Antique Weapon Boutique.
  2128 | D:4      | Found Esyax's General Store.
  2284 | D:4      | Reached skill level 4 in Maces & Flails
  2415 | D:4      | Noticed an ogre
  2432 | D:4      | Killed an ogre
  2433 | D:4      | Reached XP level 6. HP: 14/38 MP: 6/6
  2577 | D:4      | Reached * piety under Okawaru
  2674 | D:4      | Found an ornate altar of the Wu Jian Council.
  2705 | D:4      | Found a broken altar of Ashenzari.
  3249 | D:5      | Entered Level 5 of the Dungeon
  3264 | D:5      | Reached skill level 5 in Maces & Flails
  3455 | D:5      | Found a glowing silver altar of Zin.
  3517 | D:5      | Reached XP level 7. HP: 44/44 MP: 7/7
  3525 | D:5      | Noticed Pikel
  3563 | D:5      | Killed Pikel
  3563 | D:5      | Reached ** piety under Okawaru
  3564 | D:5      | Reached skill level 6 in Maces & Flails
  3564 | D:5      | Reached skill level 5 in Armour
  3564 | D:5      | Reached XP level 8. HP: 8/48 MP: 8/8
  3776 | D:5      | Reached skill level 5 in Fighting
  3776 | D:5      | Reached skill level 5 in Shields
  3797 | D:5      | Found a staircase to the Ecumenical Temple.
  3864 | D:5      | Found a glowing golden altar of the Shining One.
  3874 | D:5      | Found a burning altar of Makhleb.
  4065 | D:5      | Identified the +1 hat of Bad Feelings {+Inv rC+}
  4145 | D:2      | Bought a crystal morningstar for 216 gold pieces
  4145 | D:2      | Identified the +1 morningstar of Death's Door {drain, Str+2
                  | Int+3} (You bought it in a shop on level 2 of the Dungeon)
  4212 | D:6      | Reached *** piety under Okawaru
  4255 | D:6      | Reached skill level 7 in Maces & Flails
  4339 | D:6      | Noticed Maggie
  4344 | D:6      | Killed from afar by Maggie

Illustrated notes

Levels and vault maps discovered:
D:1:      psy_arrival_whirlpool, layout_basic
D:2:      layout_loops_cross, serial_shops, shop
D:3:      layout_loops_cross, okawaru_altar_gauntlet_db,
          shapermc_ecumenical_altar_venn
D:4:      minmay_door_path, layout_cave_pods, nicolae_wu_jian_wuxing_cycle,
          ashenzari_conservatory_becter, serial_shops, shop, nicolae_shop_stone
D:5:      layout_basic, mainiacjoe_overflow_cross_hatched,
          amethyst_overflow_temple_binary, minmay_temple_entry_grid,
          hellmonk_no_cap, uniq_pikel
D:6:      layout_basic, trog_book, portal_sewer_entry_a,
          kennysheep_generic_room_11, uniq_maggie

Skill      XL: |  1  2  3  4  5  6  7  8 |
---------------+-------------------------+-----
Maces & Flails | 3 4 5 6 7 |  7.5
Fighting       | 4 5 |  5.5
Armour         | 4 5 6 |  6.3
Shields        | 4 5 |  5.5

Action                     |  1- 3 |  4- 6 |  7- 9 || total
---------------------------+-------+-------+-------++-------
  Melee: Flail             |    89 |   222 |    74 ||   385
         Morningstar       |       |       |    36 ||    36
    Use: Potion            |       |     1 |       ||     1
 Armour: Scale mail        |    60 |   126 |       ||   186
         Chain mail        |       |     4 |    64 ||    68
  Dodge: Dodged            |    69 |   165 |    65 ||   299
  Block: Buckler           |    22 |    54 |    27 ||   103
